 Dungeon Crawl Stone Soup version 0.18-a0-902-g8738618 (webtiles) character file.

65 Jmtri7 the Charlatan (level 4, 0/32 HPs)
             Began as a Formicid Artificer on Dec 25, 2015.
             Slain by a cyclops (28 damage)
             ... on level 14 of the Dungeon.
             The game lasted 00:02:37 (285 turns).

Jmtri7 the Charlatan (Formicid Artificer)            Turns: 285, Time: 00:02:37

Health: 0/32       AC:  8    Str: 16      XL:     4   Next: 35%
Magic:  7/8        EV:  7    Int:  9 (12) God:
Gold:   28         SH:  0    Dex: 11      Spells: 0 memorised, 3 levels left

rFire  . . .     SeeInvis +     a - +0 short sword
rCold  . . .     Gourm    .     g - +0 chain mail
rNeg   . . .     Faith    .     (no shield)
rPois  .         Spirit   .     (helmet unavailable)
rElec  .         Dismiss  .     (no cloak)
rCorr  .         Reflect  .     (no gloves)
SustAt .         Harm     .     (no boots)
MR     .....                    (no amulet)
Stlth  ..........               (no ring)
                                (no ring)

@: not resistant to hostile enchantments, extremely unstealthy
A: permanent stasis, dig shafts and tunnels, four strong arms, antennae 3
a: Dig, Shaft Self


You were on level 14 of the Dungeon.
You were hungry.

You visited 1 branch of the dungeon, and saw 8 of its levels.

You collected 28 gold pieces.

Inventory:

Hand Weapons
 a - a +0 short sword (weapon)
Armour
 b - a +0 leather armour
 g - a +0 chain mail (worn)
Wands
 c - a wand of flame (15/48)
 d - a wand of enslavement (5/24)
 e - a wand of random effects (15/48)
Scrolls
 j - a scroll of remove curse {unknown}
Potions
 h - 2 potions of lignification {unknown}
Books
 i - a book of Air

   Spells                             Type                      Level
   a - Shock                          Conjuration/Air              1
   b - Swiftness                      Charms/Air                   2
   c - Repel Missiles                 Charms/Air                   2
   d - Static Discharge               Conjuration/Air              3
   e - Lightning Bolt                 Conjuration/Air              5
Comestibles
 f - a bread ration


   Skills:
 - Level 1.1 Fighting
 - Level 1.0 Short Blades
 - Level 1.7 Dodging
 - Level 1.2 Stealth
 + Level 5.3 Evocations


You had 3 spell levels left.
You didn't know any spells.

Dungeon Overview and Level Annotations

Branches:
Dungeon (5/15)
 Temple: D:4-7

Altars:


Innate Abilities, Weirdness & Mutations

You are under a permanent stasis effect.
You can dig through walls and to a lower floor.
Your four strong arms can wield two-handed weapons with a shield.
You have a pair of large antennae on your head (SInv).


Message History

Zapping:
d - a wand of enslavement (8/24)
Press: ? - help, Shift-Dir - straight line, f - cyclops, p - sheep
Aim: a cyclops (chance to defeat MR: 39%)
The cyclops resists with some effort.
This wand has 7 charges left.
The worker ant bites your sheep. The cyclops barely misses you.
Your sheep bites the worker ant!
Zapping:
d - a wand of enslavement (7/24)
Press: ? - help, Shift-Dir - straight line, f/p - cyclops
Aim: a cyclops (chance to defeat MR: 39%)
The cyclops resists with some effort.
This wand has 6 charges left.
The worker ant bites your sheep.
Your sheep dies!
Your sheep barely misses the worker ant.
Zapping:
d - a wand of enslavement (6/24)
Press: ? - help, Shift-Dir - straight line, f/p - cyclops
Aim: a cyclops (chance to defeat MR: 39%)
The cyclops resists with some effort.
This wand has 5 charges left.
The cyclops hits you!!
Ouch! That really hurt!
You die...

#.#.#...
########.#.....
#..............
###.............
...........>...
#.........# .
#.....a...# ..#
#.....YC@.#..#
#..........#
##.#######.# #.
.# # .# .. ..
...


You could see a cyclops, a worker ant and a friendly sheep.

Vanquished Creatures
  A giant cockroach (D:1)
  14 rats (D:1)
15 creatures vanquished.

Vanquished Creatures (collateral kills)
  A basilisk (D:14)
  A sheep (D:14)
  A shadow imp (D:5)
3 creatures vanquished.

Vanquished Creatures (others)
  2 sheep (D:14)
  A quokka (D:5)
3 creatures vanquished.

Grand Total: 21 creatures vanquished

Notes
Turn   | Place    | Note
--------------------------------------------------------------
     0 | D:1      | Jmtri7 the Formicid Artificer began the quest for the Orb.
     0 | D:1      | Reached XP level 1. HP: 15/15 MP: 3/3
    39 | D:1      | Reached XP level 2. HP: 21/21 MP: 4/4
    62 | D:1      | Reached skill level 4 in Evocations
   112 | D:1      | You fall through a shaft!
   115 | D:2      | You fall through a shaft for 2 floors!
   118 | D:4      | You fall through a shaft!
   118 | D:5      | Entered Level 5 of the Dungeon
   190 | D:5      | You fall through a shaft!
   194 | D:6      | You fall through a shaft for 3 floors!
   194 | D:9      | Noticed an ice beast
   194 | D:9      | Noticed a giant frog
   197 | D:9      | You fall through a shaft for 2 floors!
   208 | D:11     | Noticed a kobold demonologist
   216 | D:11     | Noticed a neqoxec
   251 | D:11     | Noticed a white ugly thing
   254 | D:11     | You fall through a shaft for 3 floors!
   254 | D:14     | Noticed a basilisk
   270 | D:14     | Noticed a cyclops
   279 | D:14     | Killed a basilisk
   279 | D:14     | Reached skill level 5 in Evocations
   279 | D:14     | Reached XP level 3. HP: 22/26 MP: 6/6
   279 | D:14     | Reached XP level 4. HP: 27/32 MP: 7/7
   285 | D:14     | Slain by a cyclops

Vault maps used:
D:1:      erik_arrival_orb_chamber, corner_web_ring, minmay_misc_feat_x
D:2:      serial_park_tiny_pond
D:4:      gammafunk_temple_overflow_elements, first_bread,
          minmay_misc_feat_rows, tgw_kikubaaqudgha
D:5:      enter_ossuary_1, corexii_shack, uniq_crazy_yiuf_cottage, uniq_edmund
D:6:      lemuel_temple_firewalk_marked
D:9:      hangedman_screamer, orc_0_dummy, hangedman_tree_tricks,
          guppyfry_early_elven_hall

Action                   |  1- 3 |  4- 6 || total
-------------------------+-------+-------++-------
Melee: Short sword       |    41 |       ||    41
 Abil: Dig               |     1 |       ||     1
       Shaft Self        |     7 |       ||     7
Evoke: Wand              |     6 |     4 ||    10
